 Dungeon Crawl Stone Soup version 0.23-a0-38-g6d804a8 (webtiles) character file.

2273 mopl the Martial Artist (level 9, -1/62 HPs)
             Began as a Barachi Transmuter on Aug 6, 2018.
             Was a Follower of Cheibriados.
             Slain by a gnoll sergeant
             ... wielding a +6 spear of freezing
              (2 damage)
             ... on level 7 of the Dungeon.
             The game lasted 00:17:27 (6796 turns).

mopl the Martial Artist (Barachi Transmuter)        Turns: 6796, Time: 00:17:28

Health: -1/62      AC:  2    Str: 15    XL:     9   Next: 38%
Magic:  5/13       EV: 25    Int: 20    God:    Cheibriados [*.....]
Gold:   321        SH:  0    Dex: 22    Spells: 1/14 levels left

rFire    . . .     SeeInvis .     - Unarmed
rCold    . . .     Gourm    .   (shield currently unavailable)
rNeg     + . .     Faith    .   (armour currently unavailable)
rPois    x         Spirit   .   (helmet currently unavailable)
rElec    .         Reflect  .   (cloak currently unavailable)
rCorr    .         Harm     .   (gloves currently unavailable)
MR       .....                  (boots currently unavailable)
Stlth    ++........             (no amulet)
HPRegen  0.20/turn              f - +2 ring of dexterity
MPRegen  0.13/turn              A - ring of positive energy

@: spider-form, very slightly contaminated, very slow
A: tiny, +LOS, swims
a: End Transformation, Bend Time, Renounce Religion


You were on level 7 of the Dungeon.
You worshipped Cheibriados.
Cheibriados was aware of your devotion.
You were hungry.
You were a venomous arachnid creature.
You visited 2 branches of the dungeon, and saw 8 of its levels.

You collected 321 gold pieces.

Inventory:

Hand Weapons
 z - a +1 dagger of venom
 I - a +0 blowgun
Missiles
 a - 118 arrows
 u - 6 curare-tipped needles
 w - 6 tomahawks (quivered)
 B - 7 javelins of returning
 D - 50 poisoned needles
 J - 6 javelins
Armour
 g - a +0 pair of boots (melded)
 r - a +0 helmet (melded)
 v - a +2 robe of fire resistance (melded)
 F - a +0 cloak (melded)
Magical Staves
 h - an uncursed staff of death
 E - an uncursed staff of power {!a}
Jewellery
 f - a +2 ring of dexterity (left front leg)
 A - a ring of positive energy (right front leg)
Wands
 s - a wand of iceblast (27)
 t - a wand of acid (5)
Scrolls
 j - 2 scrolls of teleportation
 k - a scroll of noise {unknown}
 l - a scroll of enchant armour {unknown}
 m - 6 scrolls of remove curse
 n - a scroll of random uselessness {unknown}
 o - 2 scrolls of enchant weapon {unknown}
 y - a scroll of fog {unknown}
 C - 3 scrolls of blinking {unknown}
 G - a scroll of magic mapping {unknown}
 H - a scroll of fear {unknown}
 K - a scroll of amnesia {unknown}
 M - a scroll of brand weapon {unknown}
Potions
 b - 2 potions of lignification {!q}
 c - a potion of magic
 e - 3 potions of curing
 i - 2 potions of flight
 p - a potion of might
 q - a potion of cancellation
 x - 4 potions of agility
 L - a potion of invisibility
Comestibles
 d - 13 rations


   Skills:
 + Level 2.4 Fighting
 + Level 5.2 Dodging
 * Level 8.6 Unarmed Combat
 - Level 3.0 Spellcasting
 + Level 4.8 Hexes
 + Level 5.9 Transmutations
 - Level 4.0 Ice Magic
 - Level 2.0 Poison Magic
 * Level 1.7 Invocations


You had one spell level left.
You knew the following spells:

 Your Spells              Type           Power        Failure   Level  Hunger
a - Apportation           Tloc           #.....       32%         1    None
b - Spider Form           Tmut/Pois      ###.......   22%         3    ###....
c - Confusing Touch       Hex            ###...       8%          1    None
d - Ice Form              Ice/Tmut       ###.....     38%         4    ####...
e - Beastly Appendage     Tmut           ####..       6%          1    None
w - Sticks to Snakes      Tmut           ####....     8%          2    ##.....
x - Animate Skeleton      Necr           N/A          32%         1    None

Your spell library contained the following spells:

 Spells                   Type           Power        Failure   Level  Hunger
 Summon Small Mammal      Summ           #...         32%         1    None
 Animate Dead             Necr           N/A          92%         4    ####...
 Pain                     Necr           #...         32%         1    None
 Vampiric Draining        Necr           #.........   61%         3    ###....
 Regeneration             Chrm/Necr      #.........   61%         3    ###....
 Blade Hands              Tmut           ####......   56%         5    ######.


Dungeon Overview and Level Annotations

Branches:
Dungeon (7/15)             Temple (1/1) D:6

Altars:
Ashenzari
Cheibriados
Dithmenos
Elyvilon
Fedhas
Gozag
Kikubaaqudgha
Makhleb
Nemelex Xobeh
Okawaru
Qazlal
Ru
Sif Muna
Trog
Uskayaw
Vehumet
Wu Jian
Xom
Yredelemnul
The Shining One

Shops:
D:7 :

Annotations:
D:4 2 transporters, Kuinu's ghost, amateur DrBe


Innate Abilities, Weirdness & Mutations

Shadows flee at your approach. (+LOS)
You can swim through water.
((You cover ground slowly.))
((You can hop short distances.))


Message History

The gnoll sergeant freezes your adder.
Your adder bites the gnoll sergeant but does no damage.
Your adder barely misses the gnoll sergeant.
The gnoll sergeant hits your adder with a spear of freezing.
The gnoll sergeant freezes your adder.
Your adder dies!
Casting: Sticks to Snakes (safe; 8% risk of failure)
Confirm with . or Enter, or press ? or * to list all spells.
You miscast Sticks to Snakes.
Nothing appears to happen.
Unknown command.
The gnoll sergeant hits you with a spear of freezing!!
* * * LOW HITPOINT WARNING * * *
The gnoll sergeant freezes you.
* * * LOW HITPOINT WARNING * * *
You hit the gnoll sergeant but do no damage.
The gnoll sergeant is poisoned.
The gnoll sergeant hits you with a spear of freezing!
* * * LOW HITPOINT WARNING * * *
The gnoll sergeant freezes you.
You die...

.# .# .####
....##############
.................#
.(...###########.#
.....# #.# ....##
#.# ....# #s#
....# #g# ###.#
#g# ... #g# ..#
#.######g##
..........#
#.######).# #..#
#..#


You could see a gnoll sergeant and 3 gnolls.

Vanquished Creatures
  5 yaks (D:5)
  2 orc warriors
  2 ice beasts
  2 ogres
  A scorpion (D:4)
  A howler monkey (D:5)
  A crimson imp (D:5)
  2 bullfrog zombies
  2 hounds
  3 orc priests
  6 orc wizards
  An iguana (D:7)
  A jelly (D:5)
  Jessica (D:3)
  5 worker ants
  A mummy (D:6)
  A howler monkey skeleton (D:4)
  Robin (D:3)
  6 adders
  9 gnolls
  3 oozes
  4 dart slugs
  4 leopard geckos
  19 orcs
  3 giant cockroaches
  30 goblins
  21 hobgoblins
  10 kobolds
  2 quokkas
  12 bats
  4 frilled lizards
  A quokka skeleton (D:5)
  7 rats
173 creatures vanquished.

Vanquished Creatures (collateral kills)
  A worker ant (D:3)
1 creature vanquished.

Vanquished Creatures (others)
  A quokka (D:3)
1 creature vanquished.

Grand Total: 175 creatures vanquished

Notes
Turn   | Place    | Note
-------+----------+-------------------------------------------
     0 | D:1      | mopl the Barachi Transmuter began the quest for the Orb.
     0 | D:1      | Reached XP level 1. HP: 15/15 MP: 3/3
   149 | D:1      | Reached XP level 2. HP: 19/21 MP: 5/5
   159 | D:1      | Learned a level 2 spell: Sticks to Snakes
   828 | D:1      | Reached XP level 3. HP: 23/26 MP: 4/6
   833 | D:1      | Learned a level 3 spell: Spider Form
   938 | D:1      | Reached skill level 4 in Unarmed Combat
  1421 | D:2      | Found an opulent altar of Gozag.
  1430 | D:2      | Found a shadowy altar of Dithmenos.
  1707 | D:2      | Found a faded altar of an unknown god.
  1710 | D:2      | Reached skill level 1 in Poison Magic
  1710 | D:2      | Reached XP level 4. HP: 32/32 MP: 4/8
  1723 | D:2      | Reached skill level 3 in Transmutations
  1739 | D:2      | Learned a level 1 spell: Confusing Touch
  2020 | D:3      | Reached skill level 3 in Spellcasting
  2199 | D:3      | Reached XP level 5. HP: 34/37 MP: 6/9
  2202 | D:3      | Noticed Robin
  2217 | D:3      | Killed Robin
  2261 | D:3      | Found a white marble altar of Elyvilon.
  2295 | D:3      | Noticed Jessica
  2302 | D:3      | Killed Jessica
  2302 | D:3      | Reached skill level 1 in Hexes
  2303 | D:3      | Reached skill level 5 in Unarmed Combat
  2548 | D:3      | Reached skill level 2 in Poison Magic
  2958 | D:4      | Found a hide-covered altar of Uskayaw.
  3076 | D:4      | Found a transporter.
  3080 | D:4      | Noticed Kuinu's ghost (amateur DrBe)
  3149 | D:4      | Reached XP level 6. HP: 43/43 MP: 6/10
  3436 | D:4      | Reached skill level 2 in Hexes
  3447 | D:4      | Reached skill level 3 in Dodging
  3547 | D:4      | Found a transporter.
  3652 | D:4      | Found a radiant altar of Vehumet.
  3682 | D:4      | Learned a level 4 spell: Ice Form
  3684 | D:5      | Entered Level 5 of the Dungeon
  3690 | D:4      | Reached XP level 7. HP: 26/48 MP: 7/11
  3695 | D:4      | Reached skill level 6 in Unarmed Combat
  3698 | D:4      | Reached skill level 4 in Transmutations
  3879 | D:5      | Reached skill level 1 in Ice Magic
  3898 | D:5      | Found a basalt altar of Yredelemnul.
  4093 | D:5      | Learned a level 1 spell: Animate Skeleton
  4217 | D:5      | Reached skill level 3 in Hexes
  4281 | D:5      | Noticed a yak
  4316 | D:5      | Reached skill level 2 in Ice Magic
  4408 | D:5      | Noticed a yak
  4408 | D:5      | Noticed a yak
  4411 | D:5      | Noticed a yak
  4411 | D:5      | Noticed a yak
  4435 | D:5      | Killed a yak
  4435 | D:5      | Reached XP level 8. HP: 48/54 MP: 0/12
  4666 | D:5      | Killed a yak
  4666 | D:5      | Reached skill level 4 in Dodging
  4666 | D:5      | Reached skill level 7 in Unarmed Combat
  4666 | D:5      | Reached skill level 3 in Ice Magic
  4673 | D:5      | Killed a yak
  4673 | D:5      | Reached skill level 5 in Transmutations
  4687 | D:5      | Killed a yak
  4687 | D:5      | Reached skill level 4 in Hexes
  4690 | D:5      | Killed a yak
  4888 | D:6      | Found a staircase to the Ecumenical Temple.
  4895 | Temple   | Entered the Ecumenical Temple
  5161 | D:6      | Reached skill level 8 in Unarmed Combat
  5161 | D:6      | Reached XP level 9. HP: 59/59 MP: 8/13
  5206 | D:6      | Reached skill level 4 in Ice Magic
  5209 | D:6      | Learned a level 1 spell: Apportation
  5447 | D:6      | Found a snail-covered altar of Cheibriados.
  5460 | D:6      | Became a worshipper of Cheibriados the Contemplative
  5931 | D:6      | Reached * piety under Cheibriados
  5954 | D:6      | Reached skill level 5 in Dodging
  6234 | D:7      | Reached skill level 2 in Fighting
  6234 | D:7      | Reached skill level 1 in Invocations
  6620 | D:7      | Found Uvukhleh's Book Boutique.
  6796 | D:7      | HP: 1/62 [gnoll sergeant/spear of freezing (7)]
  6796 | D:7      | Slain by a gnoll sergeant

Vault maps used:
D:1:      lemuel_arrival_funnel
D:2:      amethyst_overflow_temple_binary, first_ration,
          chequers_ecumenical_altar_simple
D:3:      elyvilon_altar_4, uniq_robin, uniq_jessica
D:4:      lemuel_doored_altar, marbit_many_paths, gammafunk_ghost_arena
D:5:      lemuel_crystal_altar, minmay_curled_crystal
D:6:      corexii_shantytown, slow_altar_1, minmay_temple_entry_overgrown
D:7:      cheibrodos_barr_body, gammafunk_temple_overflow_pools, serial_shops,
          kennysheep_mini_moat
Temple:   cyrus_circular_temple

Skill      XL: |  1  2  3  4  5  6  7  8  9 |
---------------+----------------------------+-----
Unarmed Combat | 4 5 6 8 |  8.6
Poison Magic   | 1 2 |  2.0
Transmutations | 3 4 5 |  5.9
Spellcasting   | 3 |  3.0
Hexes          | 1 2 3 4 |  4.8
Dodging        | 3 4 5 |  5.2
Ice Magic      | 2 3 4 |  4.0
Fighting       | 2 |  2.4
Invocations    | 1 |  1.7

Action                   |  1- 3 |  4- 6 |  7- 9 || total
-------------------------+-------+-------+-------++-------
Melee: Unarmed           |   108 |   144 |   314 ||   566
       Headbutt          |    20 |     5 |       ||    25
       Kick              |     1 |       |       ||     1
       Punch             |       |     1 |     5 ||     6
 Cast: Beastly Appendage |    22 |     6 |       ||    28
       Spider Form       |     1 |     7 |    22 ||    30
       Sticks to Snakes  |       |     3 |    11 ||    14
       Ice Form          |       |       |     2 ||     2
       Confusing Touch   |       |       |     5 ||     5
 Abil: Hop               |       |     1 |     2 ||     3
       End Transformatio |       |     1 |     1 ||     2
  Use: Scroll            |     2 |     1 |     8 ||    11
       Potion            |       |       |     1 ||     1
 Stab: Sleeping          |     1 |       |     3 ||     4
       Confused          |       |       |     3 ||     3
  Eat: Chunk             |     4 |     8 |    13 ||    25
Armor: Robe              |    22 |     7 |    30 ||    59
       Animal skin       |       |    13 |       ||    13
       Skin              |       |     1 |    10 ||    11
Dodge: Dodged            |    81 |    87 |   235 ||   403

Table legend:
 A = Spawn XP
 B = Non-spawn XP
 C = Spawn XP percentage of total XP
 D = Spawn monster count
 E = Non-spawn monster count
 F = Spawn count percentage of total count
 G = Total turns spent on level
                    A         B        C        D         E        F      G
               +---------+---------+-------+---------+---------+-------+---------
         Total |       0 |    3248 |   0.0 |       0 |     174 |   0.0 |  6796
               +---------+---------+-------+---------+---------+-------+---------
           D:1 |       0 |      36 |   0.0 |       0 |      18 |   0.0 |  1005
           D:2 |       0 |     100 |   0.0 |       0 |      26 |   0.0 |  1008
           D:3 |       0 |     149 |   0.0 |       0 |      33 |   0.0 |   888
           D:4 |       0 |     371 |   0.0 |       0 |      16 |   0.0 |   955
           D:5 |       0 |    1541 |   0.0 |       0 |      24 |   0.0 |  1027
           D:6 |       0 |     519 |   0.0 |       0 |      42 |   0.0 |  1271
           D:7 |       0 |     532 |   0.0 |       0 |      15 |   0.0 |   583
               +---------+---------+-------+---------+---------+-------+---------
